 Dungeon Crawl Stone Soup version 0.21.1-1-g345015f (webtiles) character file.

2841 grindst0ne the Covert (level 9, -14/40 HPs)
             Began as a Spriggan Enchanter on Feb 28, 2018.
             Was a Follower of Dithmenos.
             Killed from afar by an electric eel (15 damage)
             ... with a bolt of electricity
             ... on level 6 of the Dungeon.
             The game lasted 00:34:29 (8188 turns).

grindst0ne the Covert (Spriggan Enchanter)          Turns: 8188, Time: 00:34:29

Health: -14/40     AC:  4    Str:  4    XL:     9   Next: 46%
Magic:  14/14      EV: 19    Int: 20    God:    Dithmenos [*.....]
Gold:   324        SH:  0    Dex: 16    Spells: 4/13 levels left

rFire    . . .     SeeInvis +   a - +1 dagger
rCold    . . .     Gourm    .   (shield restricted)
rNeg     . . .     Faith    .   b - +0 robe
rPois    .         Spirit   .   (helmet restricted)
rElec    .         Reflect  .   p - +1 cloak
rCorr    .         Harm     .   (gloves unavailable)
MR       +....                  (boots unavailable)
Stlth    +++++++...             (no amulet)
HPRegen  0.13/turn              (no ring)
MPRegen  0.14/turn              (no ring)

@: wreathed by umbra, very quick
A: very small, unfitting armour, see invisible, herbivore, speed 3, slow
metabolism 2
a: Renounce Religion


You were on level 6 of the Dungeon.
You worshipped Dithmenos.
Dithmenos was aware of your devotion.
You were hungry.

You visited 1 branch of the dungeon, and saw 6 of its levels.

You collected 324 gold pieces.

Inventory:

Hand Weapons
 a - a +1 dagger (weapon)
Armour
 b - a +0 robe (worn)
 p - a +1 cloak (worn)
 A - a scarf of cloud immunity
Wands
 q - a wand of scattershot (3)
 y - a wand of paralysis (17)
Scrolls
 e - 5 scrolls of remove curse
 f - a scroll of fog {unknown}
 g - 3 scrolls of enchant armour {unknown}
 h - a scroll of magic mapping {unknown}
 k - 3 scrolls of teleportation {unknown}
 l - a scroll of fear {unknown}
 m - a scroll of amnesia {unknown}
 n - 3 scrolls of enchant weapon {unknown}
 r - a scroll of blinking {unknown}
 s - 2 scrolls of immolation {unknown}
 w - 3 scrolls of random uselessness {unknown}
Potions
 i - 2 potions of might
 j - 7 potions of curing
 o - 2 potions of resistance
 u - 2 potions of brilliance
 v - a potion of magic {unknown}
 x - 2 potions of heal wounds {unknown}
 z - a potion of ambrosia {unknown}
 B - a potion of invisibility {unknown}
Books
 c - a book of Maledictions

   Spells                             Type                      Level
   a - Corona                         Hexes                        1
   b - Ensorcelled Hibernation        Hexes/Ice                    2
   c - Confuse                        Hexes                        3
   d - Tukima's Dance                 Hexes                        3
   e - Dazzling Spray                 Conjuration/Hexes            3
Comestibles
 d - 9 rations


   Skills:
 + Level 0.7 Fighting
 + Level 1.7 Short Blades
 + Level 3.4 Dodging
 - Level 14.1 Stealth
 - Level 2.6 Spellcasting
 - Level 11.3 Hexes


You had 4 spell levels left.
You knew the following spells:

 Your Spells              Type           Power        Failure   Level  Hunger
a - Corona                Hex            #####..      1%          1    None
b - Ensorcelled Hibernat  Hex/Ice        ####..       2%          2    ##.....
c - Confuse               Hex            #####...     1%          3    ###....
d - Dazzling Spray        Conj/Hex       ####..       4%          3    ###....


Dungeon Overview and Level Annotations

Branches:
Dungeon (6/15)
 Temple: D:4-7

Altars:
Ashenzari
Cheibriados
Dithmenos
Fedhas
Okawaru
Qazlal
Sif Muna
Wu Jian
Xom

Annotations:
D:4 exclusion: downstairs


Innate Abilities, Weirdness & Mutations

You are very small and have problems with some larger weapons.
You are too small for most types of armour.
You have supernaturally acute eyesight. (SInv)
You are a herbivore.
You cover ground extremely quickly.
You need consume almost no food.


Message History

The electric eel looks drowsy...
The helpless electric eel fails to defend itself.
You skewer the electric eel like a kebab!!!
You kill the electric eel!
Dithmenos accepts your kill.
There is an open door here.
You are feeling hungry.
There is an open door here.
The electric eel shoots out a bolt of lightning at you!
The bolt of electricity misses you.
The electric eel shoots out a bolt of lightning at you!
The bolt of electricity misses you.
The electric eel shoots out a bolt of lightning at you!
The bolt of electricity hits the electric eel.
The electric eel completely resists.
The bolt of electricity hits you! x2
The electric eel shoots out a bolt of lightning at you!
The bolt of electricity hits you!
* * * LOW HITPOINT WARNING * * *
The bolt of electricity hits you!
You die...

#≈≈≈..≈≈...≈≈.≈≈≈≈..##.###.#
.≈≈≈≈≈≈≈≈≈≈#≈≈≈≈≈≈#........#
###≈≈≈≈#≈≈≈≈≈≈≈≈≈###...#####
##.≈≈≈≈#≈≈≈≈;≈≈≈.###.#####
#.#≈≈≈≈≈≈≈≈≈≈;≈;#........#
#...≈≈##≈≈≈≈≈≈≈##.##.#...##
#.#...≈≈≈≈≈≈≈..##.##..##..#
.....##≈≈.≈≈....#.##......#
......'.........@.........#
...####.........#........##
#.## ##.......######.#.##
### ##.....## ###.# #
##...## #.# # ##'## #.# #
#.# #.# ## #####.### #.# .#
#....)..## #.#


You could see 2 electric eels.

Vanquished Creatures
  Pikel (D:5)
  The ghost of bmj180 the Covered, an amateur HaFi of Okawaru (D:4)
  Menkaure (D:5)
  Edmund (D:6)
  A sky beast (D:3)
  3 orc warriors (D:6)
  2 ice beasts
  2 slaves (D:5)
  A necrophage (D:6)
  A phantom (D:5)
  A centaur (D:6)
  A crocodile (D:4)
  A scorpion (D:4)
  An electric eel (D:6)
  A crimson imp (D:3)
  4 hounds
  A jelly (D:5)
  3 orc priests
  10 orc wizards
  Crazy Yiuf (D:2)
  Ijyb (D:5)
  3 iguanas
  5 worker ants
  Robin (D:2)
  3 adders
  A shadow imp (D:5)
  3 oozes
  2 adder skeletons (D:6)
  9 dart slugs
  2 worms
  6 leopard geckos
  17 orcs
  6 giant cockroaches
  16 goblins
  12 hobgoblins
  2 jackals (D:3)
  A quokka (D:3)
  7 bats
  11 frilled lizards
  7 kobolds
  A quokka skeleton (D:4)
  5 rats
159 creatures vanquished.

Vanquished Creatures (others)
  A leopard gecko (D:2)
  2 orcs (D:5)
  A hobgoblin (D:2)
  A plant (D:2)
5 creatures vanquished.

Grand Total: 164 creatures vanquished

Notes
Turn   | Place    | Note
-------+----------+-------------------------------------------
     0 | D:1      | grindst0ne the Spriggan Enchanter began the quest for the Orb.
     0 | D:1      | Reached XP level 1. HP: 9/9 MP: 5/5
   286 | D:1      | Reached XP level 2. HP: 12/13 MP: 4/6
   293 | D:1      | Reached skill level 5 in Stealth
   357 | D:1      | Learned a level 2 spell: Ensorcelled Hibernation
  1133 | D:2      | Found a stormy altar of Qazlal.
  1162 | D:2      | Reached XP level 3. HP: 16/16 MP: 5/8
  1669 | D:2      | Reached skill level 6 in Stealth
  1720 | D:2      | Found a snail-covered altar of Cheibriados.
  1763 | D:2      | Learned a level 3 spell: Confuse
  1893 | D:2      | Noticed Robin
  1951 | D:2      | Reached XP level 4. HP: 12/21 MP: 2/9
  2023 | D:2      | Killed Robin
  2023 | D:2      | Reached skill level 5 in Hexes
  2565 | D:2      | Found a runed door.
  2592 | D:2      | Found an ornate altar of the Wu Jian Council.
  2629 | D:2      | Noticed Crazy Yiuf
  2634 | D:2      | Killed Crazy Yiuf
  2706 | D:3      | Noticed a sky beast
  2715 | D:3      | Killed a sky beast
  2715 | D:3      | Reached skill level 7 in Stealth
  2715 | D:3      | Reached XP level 5. HP: 24/24 MP: 7/10
  2993 | D:3      | Reached skill level 8 in Stealth
  2993 | D:3      | Reached XP level 6. HP: 26/28 MP: 0/11
  3128 | D:3      | Found a shimmering altar of Xom.
  3946 | D:4      | Reached skill level 9 in Stealth
  4197 | D:4      | Reached XP level 7. HP: 32/32 MP: 7/12
  4231 | D:4      | Learned a level 3 spell: Dazzling Spray
  4251 | D:4      | Noticed bmj180's ghost (amateur HaFi)
  4261 | D:4      | Killed bmj180's ghost
  4261 | D:4      | Reached skill level 10 in Stealth
  4301 | D:4      | Found a deep blue altar of Sif Muna.
  4330 | D:5      | Entered Level 5 of the Dungeon
  5076 | D:5      | Noticed Pikel
  5623 | D:5      | Reached skill level 11 in Stealth
  5623 | D:5      | Reached XP level 8. HP: 35/36 MP: 3/13
  5818 | D:5      | Killed Pikel
  5818 | D:5      | Reached skill level 12 in Stealth
  5980 | D:5      | Noticed Menkaure
  5998 | D:5      | Killed Menkaure
  5998 | D:5      | Reached skill level 10 in Hexes
  6008 | D:5      | Noticed Ijyb
  6014 | D:5      | Killed Ijyb
  6224 | D:5      | Found a blossoming altar of Fedhas.
  6256 | D:5      | Found a shadowy altar of Dithmenos.
  6346 | D:5      | Became a worshipper of Dithmenos the Shadowed
  6570 | D:6      | Found an iron altar of Okawaru.
  6624 | D:6      | Reached skill level 13 in Stealth
  6714 | D:6      | Reached XP level 9. HP: 36/39 MP: 9/14
  6998 | D:6      | Found a shattered altar of Ashenzari.
  7207 | D:6      | Reached * piety under Dithmenos
  7538 | D:6      | Noticed Edmund
  7570 | D:6      | Killed Edmund
  7670 | D:6      | Reached skill level 14 in Stealth
  8188 | D:6      | HP: 1/40 [electric eel/bolt of electricity (13)]
  8188 | D:6      | Killed from afar by an electric eel

Skill      XL: |  1  2  3  4  5  6  7  8  9 |
---------------+----------------------------+-----
Hexes          | 4 6 7 8 10 11 | 11.3
Stealth        | 5 6 7 8 9 11 13 14 | 14.1
Fighting       | |  0.7
Short Blades   | |  1.7
Dodging        | |  3.4
Spellcasting   | |  2.6

Action                   |  1- 3 |  4- 6 |  7- 9 || total
-------------------------+-------+-------+-------++-------
Melee: Dagger            |   151 |    97 |   142 ||   390
Throw: Throwing net      |       |       |     2 ||     2
 Cast: Corona            |     7 |       |       ||     7
       Ensorcelled Hiber |    27 |    37 |    92 ||   156
       Confuse           |       |     1 |    12 ||    13
Evoke: Wand              |       |       |     4 ||     4
  Use: Potion            |     1 |       |     1 ||     2
       Scroll            |       |     4 |     1 ||     5
 Stab: Sleeping          |    21 |    41 |    52 ||   114
       Confused          |       |     1 |    10 ||    11
       Distracted        |       |       |     1 ||     1
       Held in net/web   |       |       |     1 ||     1
  Eat: Ration            |       |     2 |     5 ||     7
Armor: Robe              |    16 |    12 |     5 ||    33
       Skin              |    18 |       |       ||    18
Dodge: Dodged            |    99 |    59 |    94 ||   252
